 Dungeon Crawl Stone Soup version 0.24-a0-549-g45f0056d81 (webtiles) character file.

Game seed: 185990138704224363

0 Jannitor the Ducker (level 1, -5/11 HPs)
             Began as a Spriggan Abyssal Knight on Aug 19, 2019.
             Was a Follower of Lugonu.
             Slain by an unseen horror (6 damage)
             ... on level 2 of the Abyss.
             The game lasted 00:01:41 (252 turns).

Jannitor the Ducker (Spriggan Abyssal Knight)        Turns: 252, Time: 00:01:42

Health: -5/11      AC:  3    Str:  7 (8)  XL:     1   Next: 0%
Magic:  3/3        EV: 18    Int: 12 (13) God:    Lugonu [*.....]
Gold:   112        SH:  0    Dex: 14 (15) Spells: 0/0 levels left

rFire    . . .     SeeInvis +   a - +1 short sword
rCold    . . .     Gourm    .   (shield restricted)
rNeg     . . .     Faith    .   b - +0 robe
rPois    .         Spirit   .   (helmet restricted)
rElec    .         Reflect  .   d - +0 cloak
rCorr    .         Harm     .   (gloves unavailable)
MR       .....                  (boots unavailable)
Stlth    +.........             (no amulet)
HPRegen  0.03/turn              (no ring)
MPRegen  0.08/turn              (no ring)

@: very quick
A: very small, unfitting armour, see invisible, herbivore, speed 3, slow
metabolism 2
a: Depart the Abyss, Renounce Religion


You were on level 2 of the Abyss.
You worshipped Lugonu.
Lugonu was aware of your devotion.
You were not hungry.

You visited 0 branches of the dungeon, and saw 0 of its levels.
You visited the Abyss 1 time.

You collected 112 gold pieces.

Inventory:

Hand Weapons
 a - a +1 short sword (weapon)
Armour
 b - a +0 robe (worn)
 d - a +0 cloak (worn)
Comestibles
 c - 2 rations


   Skills:
 + Level 2.4 Fighting
 + Level 2.1 Short Blades
 + Level 3.5 Dodging
 + Level 1.7 Invocations


You couldn't memorise any spells.
You didn't know any spells.
Your spell library was empty.

Dungeon Overview and Level Annotations

Branches:
Dungeon (0/15)

Altars:


Innate Abilities, Weirdness & Mutations

You are very small and have problems with some larger weapons.
You are too small for most types of armour.
You have supernaturally acute eyesight. (SInv)
You are a herbivore.
You cover ground extremely quickly.
You need to consume almost no food.


Message History

e - a glowing dark potion A white imp comes into view.
The white imp shouts!
A small abomination comes into view.
A large abomination comes into view.
A neqoxec comes into view.
The neqoxec shouts!
An unseen horror comes into view.
The unseen horror barely misses you.
The unseen horror completely misses you.
The unseen horror completely misses you.
The unseen horror barely misses you.
It was a potion of magic.
Magic courses through your body. The unseen horror hits you.
The thrashing horror roars!
The unseen horror hits you.
* * * LOW HITPOINT WARNING * * *
The unseen horror hits you.
Ouch! That really hurt!
You die...

.. .. .##. .#
# ...##...
.... . ....
##....# ##..
..## ##
##.####.####.#
.#.#...#.Xx@.#
.
#....##ยง#...#
#..#
#...#..##.#
#######.##.##
# #.###. #.#
.#. #.. . # #.
## ..


You could see a thrashing horror and an unseen horror (invisible).

Vanquished Creatures (others)
  A small abomination (Abyss:2)
1 creature vanquished.

Notes
Turn   | Place    | Note
-------+----------+-------------------------------------------
     0 | Abyss:1  | Jannitor the Spriggan Abyssal Knight began the quest for
                  | the Orb.
     0 | Abyss:1  | Reached XP level 1. HP: 11/11 MP: 3/3
    83 | Abyss:2  | Noticed a wretched star
   148 | Abyss:2  | Noticed a chaos spawn
   151 | Abyss:2  | Killed a small abomination
   187 | Abyss:2  | Noticed a raiju
   224 | Abyss:2  | Noticed a small abomination
   229 | Abyss:2  | Noticed a large abomination
   231 | Abyss:2  | Noticed a neqoxec
   241 | Abyss:2  | Noticed an unseen horror
   251 | Abyss:2  | Noticed a thrashing horror
   252 | Abyss:2  | Slain by an unseen horror

Levels and vault maps discovered:
Abyss:2:  minivault_4, evilmike_abyss_exit_1

Action                   || total
-------------------------++-------
  Use: Potion            ||     2
Dodge: Dodged            ||     4

Table legend:
 A = Non-vault XP
 B = Vault XP
 C = Vault XP percentage of total XP
 D = Non-vault monster count
 E = Vault monster count
 F = Vault count percentage of total count
                 A         B        C        D         E       F
            +---------+---------+-------+---------+---------+-------
      Total |       0 |       0 |   N/A |       0 |       0 |  -nan
            +---------+---------+-------+---------+---------+-------
            +---------+---------+-------+---------+---------+-------
